 Dungeon Crawl Stone Soup version 0.19.1 (webtiles) character file.

167 dvd the Digger (level 5, 0/39 HPs)
             Began as a Demigod Earth Elementalist on Nov 24, 2016.
             Slain by Grinder (9 damage)
             ... on level 3 of the Dungeon.
             The game lasted 00:07:45 (2966 turns).

dvd the Digger (Demigod Earth Elementalist)         Turns: 2966, Time: 00:07:46

Health: 0/39       AC:  2    Str: 13    XL:     5   Next: 2%
Magic:  3/12       EV: 13    Int: 19    God:
Gold:   138        SH:  0    Dex: 16    Spells: 2 memorised, 6 levels left

rFire  . . .     SeeInvis .     b - 9 stones
rCold  . . .     Gourm    .     c - +0 robe
rNeg   . . .     Faith    .     (no shield)
rPois  +         Spirit   .     (no helmet)
rElec  .         Reflect  .     (no cloak)
rCorr  .         Harm     .     (no gloves)
MR     .....                    (no boots)
Stlth  +++.......               (no amulet)
                                x - ring of stealth
                                q - ring of poison resistance

@: no status effects
A: high mp 1
a: no special abilities


You were on level 3 of the Dungeon.
You were not hungry.

You visited 1 branch of the dungeon, and saw 3 of its levels.

You collected 138 gold pieces.

Inventory:

Hand Weapons
 a - a +1 dagger of venom
 f - a +1 short sword of draining
 h - a +0 club
 j - a +0 mace
Missiles
 b - 9 stones (in hand)
Armour
 c - a +0 robe (worn)
Jewellery
 m - an uncursed ring of resist corrosion
 q - a ring of poison resistance (left hand)
 x - a ring of stealth (right hand)
Wands
 p - a wand of acid (4/15)
Scrolls
 k - a scroll of teleportation {unknown}
 l - 4 scrolls of remove curse {unknown}
 r - a scroll of enchant armour {unknown}
 y - 4 scrolls of identify {unknown}
Potions
 i - a potion of resistance {unknown}
 n - a potion of heal wounds {unknown}
 o - a potion of cure mutation {unknown}
 s - a potion of invisibility {unknown}
 t - a potion of brilliance {unknown}
 v - 2 potions of curing
Books
 e - a book of Geomancy

   Spells                             Type                      Level
   a - Sandblast                      Earth                        1
   b - Passwall                       Transmutation/Earth          2
   c - Stone Arrow                    Conjuration/Earth            3
   d - Petrify                        Transmutation/Earth          4
   e - Lee's Rapid Deconstruction     Earth                        5
Comestibles
 d - a bread ration
 g - a beef jerky
 u - 2 meat rations
 w - a slice of pizza
 z - 3 chunks of flesh


   Skills:
 + Level 0.5 Fighting
 + Level 0.3 Short Blades
 + Level 2.1 Dodging
 + Level 2.1 Stealth
 + Level 3.3 Spellcasting
 + Level 0.5 Conjurations
   Level 0.8 Transmutations
 + Level 3.8 Earth Magic


You had 6 spell levels left.
You knew the following spells:

 Your Spells              Type           Power        Failure   Level  Hunger
a - Sandblast             Erth           ###...       3%          1    None
b - Stone Arrow           Conj/Erth      ##....       21%         3    ###....


Dungeon Overview and Level Annotations

Branches:
Dungeon (3/15)

Annotations:
D:3 Grinder


Innate Abilities, Weirdness & Mutations

You have an increased reservoir of magic. (+10% MP)


Message History

Casting: Sandblast
Confirm with . or Enter, or press ? or * to list all spells.
Aiming: Sandblast
Press: ? - help, Shift-Dir - straight line, f/p - Grinder
Aim: Grinder (heavily wounded)
The rocky blast hits Grinder.
Grinder is heavily wounded.
Grinder hits you.
* * * LOW HITPOINT WARNING * * *
You writhe in agony.
* * * LOW HITPOINT WARNING * * *
Casting: Sandblast
Confirm with . or Enter, or press ? or * to list all spells.
Aiming: Sandblast
Press: ? - help, Shift-Dir - straight line, f/p - Grinder
Aim: Grinder (heavily wounded)
The rocky blast hits Grinder.
Grinder is heavily wounded.
Grinder hits you!
You die...

.# .# .# # #.##
#####.####..!###.
.......@5........
#########....####
#.#.## #.#.# #.#
# #.# #.# # #.#.#
#.#.##


You could see Grinder.

Vanquished Creatures
  Ijyb (D:2)
  A worker ant (D:3)
  4 adders
  An ooze (D:2)
  2 dart slugs
  2 leopard geckos
  A ball python (D:1)
  6 bats
  6 giant cockroaches
  3 goblins
  12 hobgoblins
  7 jackals (D:1)
  9 kobolds
  A quokka (D:2)
  5 frilled lizards
  7 rats
68 creatures vanquished.

Notes
Turn   | Place    | Note
-------+----------+-------------------------------------------
     0 | D:1      | dvd the Demigod Earth Elementalist began the quest for the Orb.
     0 | D:1      | Reached XP level 1. HP: 14/14 MP: 5/5
   256 | D:1      | Reached XP level 2. HP: 20/20 MP: 1/7
  1056 | D:1      | Reached XP level 3. HP: 18/26 MP: 7/9
  1080 | D:1      | Learned a level 3 spell: Stone Arrow
  1901 | D:2      | Noticed Ijyb
  1908 | D:2      | Killed Ijyb
  1908 | D:2      | Reached XP level 4. HP: 29/33 MP: 3/11
  2148 | D:2      | Found a faded altar of an unknown god.
  2951 | D:3      | Noticed Grinder
  2957 | D:3      | Reached XP level 5. HP: 20/39 MP: 10/12
  2966 | D:3      | Slain by Grinder

Skill      XL: |  1  2  3  4 |
---------------+-------------+-----
Spellcasting   | 2 3 |  3.3
Earth Magic    | 3 |  3.8
Dodging        | 2 |  2.1
Stealth        | 2 |  2.1
Fighting       | |  0.5
Short Blades   | |  0.3
Conjurations   | |  0.5
Transmutations | |  0.8

Action                   |  1- 3 |  4- 6 || total
-------------------------+-------+-------++-------
Melee: Mace              |    14 |       ||    14
       Dagger            |    17 |    25 ||    42
       Short sword       |       |     6 ||     6
 Cast: Sandblast         |    52 |    29 ||    81
       Stone Arrow       |     5 |     1 ||     6
  Use: Potion            |     2 |       ||     2
 Stab: Sleeping          |     2 |     9 ||    11
  Eat: Chunk             |     4 |     3 ||     7
Armor: Robe              |     4 |     6 ||    10
Dodge: Dodged            |    40 |    24 ||    64
